 Dungeon Crawl Stone Soup version 0.31-a0-844-gdc52ec4e09 (webtiles) character file.

Game seed: 9886038932785189051

193 DocSulfur the Sneak (level 6, -1/35 HPs)
             Began as a Kobold Brigand on Sept 28, 2023.
             Was an Initiate of Dithmenos.
             Splashed by a jelly's acid (5 damage)
             ... on level 5 of the Dungeon.
             The game lasted 00:10:18 (4111 turns).

DocSulfur the Sneak (Kobold Brigand)                Turns: 4111, Time: 00:10:18

Health: -1/35      AC:  6    Str:  8    XL:     6   Next: 2%
Magic:  7/7        EV: 11    Int: 13    God:    Dithmenos [......]
Gold:   112        SH:  4    Dex: 18    Spells: 2/6 levels left

rFire   . . .        a - +2 dagger
rCold   . . .        D - +0 buckler
rNeg    . . .        A - +4 ring mail
rPois   .            (no helmet)
rElec   .            c - +0 cloak
rCorr   .            (no gloves)
SInv    .            (no boots)
Will    .....        (no amulet)
Stlth   ++++         q - +4 ring of protection
HPRegen 0.25/turn    C - +4 ring of protection
MPRegen 0.10/turn

%: no passive effects
@: corroded
A: small, no large weapons, nightstalker 3
a: Renounce Religion


You were on level 5 of the Dungeon.
You worshipped Dithmenos.
Dithmenos was noncommittal.
You visited 1 branch of the dungeon, and saw 5 of its levels.

You collected 189 gold pieces.
You spent 77 gold pieces at shops.

Inventory:

Hand Weapons
 a - a +2 dagger (weapon)
 B - a +0 long sword
Missiles
 d - 21 poisoned darts
 e - 3 curare-tipped darts (quivered)
Armour
 b - a +0 robe
 c - a +0 cloak (worn)
 A - a +4 ring mail (worn)
 D - a +0 buckler (worn)
Jewellery
 q - a +4 ring of protection (left hand)
 y - a ring of wizardry
 C - a +4 ring of protection (right hand)
Talismans
 k - a serpent talisman
Wands
 H - a wand of roots (3)
Scrolls
 g - a scroll of blinking {unknown}
 i - a scroll of amnesia {unknown}
 j - a scroll of noise {unknown}
 l - a scroll of torment {unknown}
 s - 4 scrolls of identify {unknown}
 t - a scroll of vulnerability {unknown}
 u - 2 scrolls of poison {unknown}
 E - a scroll of enchant weapon {unknown}
 F - 2 scrolls of revelation {unknown}
Potions
 f - 2 potions of might
 h - a potion of attraction {unknown}
 m - a potion of brilliance {unknown}
 n - a potion of invisibility {unknown}
 o - a potion of heal wounds {unknown}
 p - 3 potions of resistance
 r - a potion of haste {unknown}
 v - a potion of lignification {unknown}
 w - a potion of curing {unknown}
 x - 2 potions of mutation {unknown}
 z - 2 potions of ambrosia {unknown}
 G - a potion of experience {unknown}


   Skills:
 - Level 2.1 Fighting
 + Level 5.0 Short Blades
 + Level 3.9 Throwing
 - Level 1.2 Dodging
 - Level 6.5 Stealth
 + Level 0.8 Spellcasting
 + Level 0.5 Hexes


You had 2 spell levels left.
You knew the following spells:

 Your Spells              Type           Power      Damage    Failure   Level
a - Confusing Touch       Hex            1%         N/A       98%         3
b - Slow                  Hex            4%         N/A       75%         1

Your spell library contained the following spells:

 Spells                   Type           Power      Damage    Failure   Level
 Freeze                   Ice            0%         1d3       83%         1
 Ensorcelled Hibernation  Hex/Ice        2%         N/A       90%         2
 Passwall                 Tmut/Erth      0%         N/A       92%         2
 Sigil of Binding         Hex            1%         N/A       98%         3
 Frozen Ramparts          Ice            0%         1d1       99%         3
 Hailstorm                Conj/Ice       0%         3d3       99%         3
 Swiftness                Air            0%         N/A       99%         3
 Vampiric Draining        Necr           0%         2d6       99%         3


Dungeon Overview and Level Annotations

Branches:
Dungeon (5/15)
 Temple: D:4-7

Altars:
Dithmenos
Makhleb
Ru
Sif Muna
Wu Jian
Xom

Shops:
D:3 *!(

Annotations:
D:3 exclusion: 3 doors, BinkBink's ghost, amateur DEAE


Innate Abilities, Weirdness & Mutations

You are small and have problems with some larger weapons.
You are completely attuned to the shadows.


Message History

Cast which spell? (? or * to list)
Okay, then.
Okay, then.
Okay, then.
You hit the jelly.
Your hands burn!
The jelly is heavily wounded.
The jelly hits you but does no damage.
You take 1 damage, and have 29/35 hp.
You barely miss the jelly.
The jelly is heavily wounded.
The jelly hits you. The acid corrodes you!
You are splashed with acid.
You take 6 damage, and have 23/35 hp.
Okay, then.
You hit the jelly.
Your hands burn!
The jelly is almost dead.
You take 5 damage, and have 18/35 hp.
You hit the jelly.
Your hands burn!
The jelly is almost dead.
The jelly hits you but does no damage.
You take 3 damage, and have 15/35 hp.
You hit the jelly.
Your hands burn!
The jelly is almost dead.
The jelly hits you but does no damage.
You take 2 damage, and have 13/35 hp.
You hit the jelly but do no damage.
Your hands burn!
* * * LOW HITPOINT WARNING * * *
The jelly is almost dead.
The jelly hits you but does no damage.
You take 4 damage, and have 9/35 hp.
You hit the jelly but do no damage.
Your hands burn!
* * * LOW HITPOINT WARNING * * *
The jelly is almost dead.
You block the jelly's attack.
You take 4 damage, and have 5/35 hp.
You hit the jelly but do no damage. The acid corrodes you!
Your hands burn!
* * * LOW HITPOINT WARNING * * *
The jelly is almost dead.
You take 1 damage, and have 4/35 hp.
You hit the jelly but do no damage. The acid corrodes you!
Your hands burn!
You die...

####
#.####
#....#
#.....#.#
#.###.#)#
. ..#.#
..##.# ##
###.#
#..##...#
...J@.###
...####
.. .


You could see a jelly.

Vanquished Creatures
  A centaur skeleton (D:3)
  An iguana (D:5)
  A killer bee zombie (D:3)
  A howler monkey skeleton (D:3)
  4 adders
  A worm (D:2)
  3 dart slugs
  4 orcs
  4 bats
  12 endoplasms
  5 goblins
  8 hobgoblins
  4 quokkas
  2 ball pythons
  2 frilled lizards
  2 kobolds
  2 rats (D:1)
57 creatures vanquished.

Notes
Turn   | Place    | Note
-------+----------+-------------------------------------------
     0 | D:1      | DocSulfur the Kobold Brigand began the quest for the Orb.
     0 | D:1      | Reached XP level 1. HP: 12/12 MP: 1/1
   299 | D:1      | Reached XP level 2. HP: 17/17 MP: 2/2
   860 | D:2      | Found a faded altar of an unknown god.
   928 | D:2      | Reached XP level 3. HP: 21/21 MP: 3/3
  2153 | D:3      | Found Zubru's Weapon Boutique.
  2169 | D:3      | Found a runed translucent gate.
  2169 | D:3      | Found a runed translucent gate.
  2170 | D:3      | Found a runed translucent gate.
  2304 | D:3      | Reached XP level 4. HP: 26/26 MP: 4/4
  2480 | D:3      | Reached skill level 6 in Stealth
  2638 | D:3      | Found Jutta's Assorted Antiques.
  2646 | D:3      | Bought a coppery potion for 21 gold pieces
  2646 | D:3      | Bought a purple potion for 21 gold pieces
  2646 | D:3      | Bought a scroll labelled BELAAX QOVAYN for 24 gold pieces
  2830 | D:3      | Found Poid's Distillery.
  2844 | D:3      | Bought a potion of degeneration for 11 gold pieces
  3116 | D:3      | Reached XP level 5. HP: 19/30 MP: 5/5
  3180 | D:3      | Noticed BinkBink's ghost (amateur DEAE)
  3592 | D:4      | Found a sacrificial altar of Ru.
  3595 | D:4      | Found a shimmering altar of Xom.
  3650 | D:4      | Found a burning altar of Makhleb.
  3650 | D:4      | Found a shimmering blue altar of Sif Muna.
  3651 | D:4      | Found a shadowy altar of Dithmenos.
  3651 | D:4      | Found an ornate altar of the Wu Jian Council.
  3855 | D:4      | Learned a level 3 spell: Confusing Touch
  3857 | D:4      | Learned a level 1 spell: Slow
  3857 | D:4      | Became a worshipper of Dithmenos the Shadowed
  3895 | D:5      | Entered Level 5 of the Dungeon
  4059 | D:5      | Reached XP level 6. HP: 35/35 MP: 7/7
  4089 | D:5      | Reached skill level 5 in Short Blades
  4111 | D:5      | Splashed by a jelly's acid

Illustrated notes

Levels and vault maps discovered:
D:1:      dpeg_arrival_court, layout_loops_ring
D:2:      layout_loops_corners, ebering_ecumenical_altar_petrified,
          minmay_tree_intersection, kennysheep_generic_room_16
D:3:      layout_basic, serial_shops, nicolae_shop_crystal, shop,
          nicolae_shop_industrial_runoff, gammafunk_ghost_necromancy
D:4:      layout_cave_pools, mainiacjoe_overflow_alcove_3,
          mainiacjoe_overflow_divided_tiny
D:5:      layout_rooms, minmay_temple_entry_sparse_star

Skill      XL: |  1  2  3  4  5  6 |
---------------+-------------------+-----
Short Blades   | 3 4 5 |  5.0
Throwing       | 3 |  3.9
Stealth        | 6 |  6.5
Fighting       | |  2.1
Dodging        | |  1.2
Spellcasting   | |  0.8
Hexes          | |  0.5

Action                     |  1- 3 |  4- 6 || total
---------------------------+-------+-------++-------
  Melee: Dagger            |    86 |   104 ||   190
         Punch             |     1 |       ||     1
  Throw: Dart              |    11 |     2 ||    13
    Use: Potion            |       |     2 ||     2
   Stab: Sleeping          |    15 |     9 ||    24
 Armour: Robe              |    24 |     1 ||    25
         Ring mail         |       |    50 ||    50
  Dodge: Dodged            |    54 |    43 ||    97
  Block: Buckler           |       |     5 ||     5

Table legend: (Time is in decaauts)
 A = Elapsed time spent in this place.
 B = Non-inter-level travel time spent in this place.
 C = Inter-level travel time spent in this place.
 D = Time resting spent in this place.
 E = Time spent auto-exploring this place.
 F = Levels seen in this place.
 G = Mean time per level.
                   A        B        C        D        E       F      G
               +--------+--------+--------+--------+--------+-----+--------+
         Total |   4076 |   3686 |    390 |     38 |   2491 |   5 |  815.2 |
       Dungeon |   4076 |   3686 |    390 |     38 |   2491 |   5 |  815.2 |
               +--------+--------+--------+--------+--------+-----+--------+

Top non-repeatable levels by time:
     D:2: 1280 daAuts
     D:3: 1121 daAuts
     D:1: 853 daAuts
     D:4: 611 daAuts
     D:5: 209 daAuts
